 Dungeon Crawl Stone Soup version 0.21.1-72-gffa868e (webtiles) character file.

1436 taaruk the Cleaver (level 8, -2/71 HPs)
             Began as a Minotaur Berserker on Aug 5, 2018.
             Was a High Priest of Trog.
             Splashed by a jelly's acid (7 damage)
             ... on level 6 of the Dungeon.
             The game lasted 00:30:50 (4362 turns).

taaruk the Cleaver (Minotaur Berserker)             Turns: 4362, Time: 00:30:50

Health: -2/71      AC: -8    Str: 23    XL:     8   Next: 45%
Magic:  7/7        EV: 13    Int:  4    God:    Trog [*****.]
Gold:   266        SH:  0    Dex: 11    Spells: 7/7 levels left

rFire    . . .     SeeInvis .   E - +0 scythe
rCold    . . .     Gourm    .   (shield currently unavailable)
rNeg     . . .     Faith    .   g - +0 leather armour
rPois    .         Spirit   .   (helmet restricted)
rElec    .         Reflect  .   (no cloak)
rCorr    .         Harm     .   (no gloves)
MR       .....                  (no boots)
Stlth    +.........             (no amulet)
HPRegen  0.21/turn              (no ring)
MPRegen  0.10/turn              (no ring)

@: corroded
A: retaliatory headbutt, horns 2
a: Berserk, Trog's Hand, Brothers in Arms, Burn Spellbooks, Renounce Religion


You were on level 6 of the Dungeon.
You worshipped Trog.
Trog was extremely pleased with you.
You were hungry.

You visited 1 branch of the dungeon, and saw 6 of its levels.
You also visited: Ossuary.

You collected 266 gold pieces.

Inventory:

Hand Weapons
 a - a +0 hand axe
 q - a +0 flail
 E - a +0 scythe (weapon)
Missiles
 e - 60 poisoned needles
 h - 55 bolts
 B - 7 tomahawks (quivered)
Armour
 g - a +0 leather armour (worn)
 r - a +0 chain mail
 v - a +0 ring mail
 H - a +2 hat
Jewellery
 t - an uncursed ring of stealth {unknown}
Scrolls
 j - 5 scrolls of remove curse {unknown}
 l - 2 scrolls of fog {unknown}
 p - a scroll of enchant weapon {unknown}
 s - a scroll of fear {unknown}
 u - a scroll of magic mapping {unknown}
 w - 2 scrolls of immolation {unknown}
 y - a scroll of blinking {unknown}
 z - 3 scrolls of identify {unknown}
 C - 2 scrolls of teleportation {unknown}
 F - a scroll of vulnerability {unknown}
 G - a scroll of amnesia {unknown}
Potions
 b - 5 potions of lignification {unknown}
 d - a potion of invisibility {unknown}
 f - 2 potions of flight {unknown}
 i - 2 potions of mutation {unknown}
 m - 2 potions of berserk rage {unknown}
 n - 2 potions of degeneration {unknown}
 o - 3 potions of magic {unknown}
 x - 3 potions of brilliance {unknown}
 A - a potion of haste {unknown}
 D - a potion of resistance {unknown}
 I - a potion of curing {unknown}
Comestibles
 c - 6 rations


   Skills:
 + Level 6.5 Fighting
 + Level 9.9(10.0) Axes
 + Level 1.2(6.4) Polearms
 + Level 4.6 Armour
 + Level 4.6 Dodging
 + Level 1.0 Stealth


You had 7 spell levels left.
You didn't know any spells.

Dungeon Overview and Level Annotations

Branches:
Dungeon (6/15)             Temple (0/1) D:5

Altars:
Elyvilon
Nemelex Xobeh

Annotations:
D:5 Edmund


Innate Abilities, Weirdness & Mutations

You reflexively headbutt those who attack you in melee.
You have a pair of horns on your head.


Message History

* * * LOW HITPOINT WARNING * * *
You headbutt the jelly, but do no damage.
The jelly is severely wounded.
The jelly hits you.
* * * LOW HITPOINT WARNING * * *
You are splashed with acid!
The acid burns!
* * * LOW HITPOINT WARNING * * *
You feel much better. The jelly closely misses you. You furiously retaliate!
You headbutt the jelly, but do no damage.
You hit the jelly but do no damage.
Your hands burn!
* * * LOW HITPOINT WARNING * * *
The jelly is severely wounded.
The jelly hits you.
* * * LOW HITPOINT WARNING * * *
You are splashed with acid!
The acid burns!
* * * LOW HITPOINT WARNING * * *
The jelly hits you.
* * * LOW HITPOINT WARNING * * *
You are splashed with acid!
The acid burns!
You die...

......# #..#. ..
#.....# ##. ..##
#..<..# #.# #.....#
#.# ......# ..#
###.### #.# #.# ###.#
#.# ##.#.####### #.#
##.#.@J......
#.########.###.....###
#.........## ##....#
##########.# #.### #.#
.# #.# .# ## #


You could see a jelly.

Vanquished Creatures
  Sigmund (D:5)
  An ice beast (D:5)
  A sky beast (D:6)
  2 centaurs (D:5)
  An ogre (D:4)
  An elf zombie (Ossuary)
  2 scorpions (D:5)
  2 crimson imps
  A hound (D:4)
  A jelly (D:6)
  An orc priest (D:4)
  2 human zombies (Ossuary)
  A bullfrog skeleton (D:4)
  An iguana (D:5)
  3 worker ants
  2 big kobold zombies (Ossuary)
  2 hound skeletons (D:4)
  A worker ant zombie (D:5)
  A gnoll (D:1)
  5 adders
  2 oozes (D:1)
  2 adder zombies
  2 worms
  4 dart slugs
  5 leopard geckos
  3 orcs
  7 giant cockroaches
  7 goblins
  11 hobgoblins
  10 jackals
  4 kobolds
  4 quokkas
  10 bats
  5 frilled lizards
  11 hobgoblin zombies (Ossuary)
  A jackal zombie (D:5)
  6 kobold zombies (Ossuary)
  A leopard gecko skeleton (D:4)
  11 orc zombies (Ossuary)
  A quokka zombie (D:5)
  8 rats
  A rat zombie (Ossuary)
148 creatures vanquished.

Vanquished Creatures (collateral kills)
  An elf zombie (Ossuary)
  A centaur zombie (Ossuary)
  2 mummies (Ossuary)
4 creatures vanquished.

Grand Total: 152 creatures vanquished

Notes
Turn   | Place    | Note
-------+----------+-------------------------------------------
     0 | D:1      | taaruk the Minotaur Berserker began the quest for the Orb.
     0 | D:1      | Reached XP level 1. HP: 19/19 MP: 0/0
   204 | D:1      | Reached skill level 4 in Axes
   204 | D:1      | Reached XP level 2. HP: 14/27 MP: 1/1
   415 | D:1      | Reached XP level 3. HP: 27/33 MP: 2/2
   511 | D:1      | Reached ** piety under Trog
  1026 | D:2      | Reached XP level 4. HP: 35/41 MP: 3/3
  1099 | D:2      | Reached skill level 5 in Axes
  1453 | D:3      | Reached *** piety under Trog
  1485 | D:3      | Reached XP level 5. HP: 41/47 MP: 4/4
  1910 | D:3      | Reached skill level 6 in Axes
  2346 | D:4      | Noticed an ogre
  2361 | D:4      | Killed an ogre
  2361 | D:4      | Reached XP level 6. HP: 27/55 MP: 5/5
  2506 | D:4      | Reached skill level 5 in Fighting
  2568 | D:4      | Found a sand-covered staircase.
  2573 | Ossuary  | Entered an ossuary
  2607 | Ossuary  | Reached **** piety under Trog
  2624 | Ossuary  | Reached skill level 7 in Axes
  2698 | Ossuary  | Reached XP level 7. HP: 49/61 MP: 6/6
  2970 | D:4      | Reached skill level 8 in Axes
  3364 | D:5      | Entered Level 5 of the Dungeon
  3465 | D:5      | Reached skill level 9 in Axes
  3479 | D:5      | Found a staircase to the Ecumenical Temple.
  3650 | D:5      | Noticed Sigmund
  3660 | D:5      | Killed Sigmund
  3660 | D:5      | Reached XP level 8. HP: 59/70 MP: 7/7
  3734 | D:5      | Reached ***** piety under Trog
  3738 | D:5      | Found a sparkling altar of Nemelex Xobeh.
  4111 | D:5      | Noticed Edmund
  4284 | D:6      | Reached skill level 1 in Polearms
  4284 | D:6      | Reached skill level 1 in Stealth
  4319 | D:6      | Found a white marble altar of Elyvilon.
  4362 | D:6      | Splashed by a jelly's acid

Skill      XL: |  1  2  3  4  5  6  7  8 |
---------------+-------------------------+-----
Axes           | 4 5 6 7 9 |  9.9
Fighting       | 4 5 6 |  6.5
Armour         | 3 4 |  4.6
Dodging        | 3 4 |  4.6
Polearms       | 1 |  1.2
Stealth        | 1 |  1.0

Action                   |  1- 3 |  4- 6 |  7- 9 || total
-------------------------+-------+-------+-------++-------
Melee: Hand axe          |    63 |   146 |   103 ||   312
       Headbutt          |     9 |    27 |    27 ||    63
       Scythe            |       |       |    28 ||    28
Invok: Burn Spellbooks   |       |     2 |     1 ||     3
       Trog's Hand       |       |     2 |     1 ||     3
       Berserk           |       |     1 |       ||     1
       Brothers in Arms  |       |     1 |       ||     1
  Use: Potion            |       |     2 |     3 ||     5
  Eat: Chunk             |       |     5 |     1 ||     6
       Ration            |       |     1 |     1 ||     2
Armor: Leather armour    |    20 |    36 |    17 ||    73
Dodge: Dodged            |    54 |   113 |    65 ||   232
